 Dungeon Crawl Stone Soup version 0.21-a0-372-gd0ff781 (webtiles) character file.

21 4thArraOfDagon the Gusty (level 2, -1/24 HPs)
             Began as a Hill Orc Air Elementalist on Oct 16, 2017.
             Slain by an adder (4 damage)
             ... on level 2 of the Dungeon.
             The game lasted 00:02:11 (387 turns).

4thArraOfDagon the Gusty (Hill Orc Air Elementalist) Turns: 387, Time: 00:02:11

Health: -1/24      AC:  2    Str:  8 (10) XL:     2   Next: 87%
Magic:  0/4        EV: 12    Int: 12 (15) God:
Gold:   67         SH:  0    Dex:  9 (11) Spells: 3/4 levels left

rFire    . . .     SeeInvis +   e - +0 spear
rCold    . . .     Gourm    .   (no shield)
rNeg     . . .     Faith    .   a - +0 robe
rPois    .         Spirit   .   (no helmet)
rElec    .         Reflect  .   (no cloak)
rCorr    .         Harm     .   (no gloves)
MR       .....                  (no boots)
Stlth    ++........             (no amulet)
HPRegen  0.08/turn              f - ring of see invisible
MPRegen  0.09/turn              (no ring)

@: no status effects
A: no striking features
a: no special abilities


You were on level 2 of the Dungeon.
You were not hungry.

You visited 1 branch of the dungeon, and saw 2 of its levels.

You collected 67 gold pieces.

Inventory:

Hand Weapons
 e - a +0 spear (weapon)
Armour
 a - a +0 robe (worn)
Jewellery
 f - a ring of see invisible (left hand)
Scrolls
 g - 2 scrolls of identify {unknown}
 h - a scroll of teleportation {unknown}
 j - a scroll of fear {unknown}
Books
 b - a book of Air

   Spells                             Type                      Level
   a - Shock                          Conjuration/Air              1
   b - Swiftness                      Charms/Air                   2
   c - Static Discharge               Conjuration/Air              3
   d - Airstrike                      Air                          4
   e - Lightning Bolt                 Conjuration/Air              5
Comestibles
 c - a bread ration
 d - a meat ration
 i - a royal jelly


   Skills:
 + Level 1.9 Fighting
 - Level 1.5 Dodging
 - Level 1.5 Stealth
 - Level 1.5 Spellcasting
 * Level 2.0 Conjurations
 - Level 2.4 Air Magic


You had 3 spell levels left.
You knew the following spells:

 Your Spells              Type           Power        Failure   Level  Hunger
a - Shock                 Conj/Air       #...         12%         1    ##.....


Dungeon Overview and Level Annotations

Branches:
Dungeon (2/15)

Altars:


Message History

Unknown command.
Unknown command.
The adder closely misses you.
Unknown command.
Unknown command.
A bat and a giant cockroach come into view.
The giant cockroach closely misses you.
Unknown command.
Casting: Shock
Confirm with . or Enter, or press ? or * to list all spells.
Aiming: Shock
Press: ? - help, Shift-Dir - straight line The zap hits the adder.
The adder is severely wounded.
The zap hits the adder.
The adder is almost dead.
The adder bites you.
* * * LOW HITPOINT WARNING * * *
The giant cockroach barely misses you. The adder bites you.
You die...

############
#######..........#
#.S..............#
#@#####..........#
#s# #..........#
#.# #..........#
#.# ###'######..
#b# #####'#####
#.# #........)#
... #.........#
### #....<<...#
##.........#


You could see an adder, a giant cockroach and a bat (sleeping).

Vanquished Creatures
  A dart slug (D:2)
  2 leopard geckos
  3 bats (D:1)
  2 goblins (D:1)
  4 hobgoblins (D:1)
  A ball python (D:1)
  A frilled lizard (D:1)
  A kobold (D:1)
  A rat (D:1)
16 creatures vanquished.

Notes
Turn   | Place    | Note
-------+----------+-------------------------------------------
     0 | D:1      | 4thArraOfDagon the Hill Orc Air Elementalist began the quest for the Orb.
     0 | D:1      | Reached XP level 1. HP: 14/14 MP: 3/3
   102 | D:1      | Reached skill level 1 in Fighting
   156 | D:1      | Reached XP level 2. HP: 13/23 MP: 1/4
   387 | D:2      | Slain by an adder

Vault maps used:
D:1:      elethiomel_arrival_maze
D:2:      gammafunk_temple_overflow_pools, first_bread

Skill      XL: |  1  2 |
---------------+-------+-----
Fighting       | 1 |  1.9
Conjurations   | 2 |  2.0
Dodging        | |  1.5
Stealth        | |  1.5
Spellcasting   | |  1.5
Air Magic      | |  2.4

Action                   || total
-------------------------++-------
Melee: Spear             ||    21
 Cast: Shock             ||    22
  Use: Potion            ||     1
 Stab: Sleeping          ||     1
Armor: Robe              ||    11
Dodge: Dodged            ||    22

Table legend:
 A = Spawn XP
 B = Non-spawn XP
 C = Spawn XP percentage of total XP
 D = Spawn monster count
 E = Non-spawn monster count
 F = Spawn count percentage of total count
 G = Total turns spent on level
                    A         B        C        D         E        F      G
               +---------+---------+-------+---------+---------+-------+---------
         Total |       0 |      31 |   0.0 |       0 |      16 |   0.0 |   387
               +---------+---------+-------+---------+---------+-------+---------
           D:1 |       0 |      24 |   0.0 |       0 |      14 |   0.0 |   305
           D:2 |       0 |       7 |   0.0 |       0 |       2 |   0.0 |    82
               +---------+---------+-------+---------+---------+-------+---------
